AoeStats
← LittleMeatBoy

Arabia

508534739Analyzed
1v1 RM · 11d ago on Sep 22, 2026· 45m 57s· 2 players
Game mode
Random Map
Map size
Tiny (2 player)
Population
200
Speed
Normal
Resources
Standard
Victory
Conquest
Starting age
Dark Age
Ending age
Imperial Age
RankedLock teamsTeams togetherTeam positionsShared explorationLock speedFull tech treeHidden civsTurbo modeCheats
Victory
Defeat
🇦🇷 Burgundians · Argentina
908
+15
🇬🇧 Random · United Kingdom
897
-15
Wōðanaz
10:40 Feudal Age
11:21 Double-Bit Axe
12:27 Man-at-Arms
15:15 Loom
24:30 Castle Age
27:05 Crossbowman
30:09 Wheelbarrow
30:24 Fletching
33:23 Wheelbarrow
33:50 Husbandry
37:03 Hand Cart
40:40 Imperial Age
LittleMeatBoy
9:29 Feudal Age
8:10 Double-Bit Axe
12:31 Loom
14:30 Scale Mail Armor
20:39 Castle Age
20:11 Forging
19:45 Horse Collar
22:54 Husbandry
28:01 Heavy Plow
27:33 Cavalier
30:05 Iron Casting
36:56 Imperial Age
35:09 Elite Skirmisher
36:58 Padded Archer Armor
36:49 Fletching
45:22 Ballistics
45:52 Burgundian Vineyards
Connection lost

Rejoining the realm…

Still unreachable

The connection could not be restored.

Session expired

The server has moved on; the page needs a fresh start.